 Dungeon Crawl Stone Soup version 0.29.1-13-g9f3cf754e1 (webtiles) character file.

Game seed: 13448121604841213372

1193 bjubeck the Trooper (level 8, 0/71 HPs)
             Began as a Minotaur Fighter on Feb 3, 2023.
             Was an Initiate of Okawaru.
             Slain by a polar bear (3 damage)
             ... created by the rage of Trog
             ... on level 5 of the Dungeon.
             The game lasted 00:16:29 (6069 turns).

bjubeck the Trooper (Minotaur Fighter)              Turns: 6069, Time: 00:16:30

Health: 0/71       AC:  9    Str: 23    XL:     8   Next: 20%
Magic:  7/7        EV:  9    Int:  5    God:    Okawaru [......]
Gold:   36         SH: 10    Dex: 10    Spells: 7/7 levels left

rFire   . . .      SeeInvis .   a - +0 war axe
rCold   . . .      Faith    .   c - +0 buckler
rNeg    . . .      Spirit   .   b - +0 scale mail
rPois   .          Reflect  +   (helmet restricted)
rElec   .          Harm     .   (no cloak)
rCorr   .          Rampage  .   (no gloves)
Will    .....                   n - +0 pair of boots
Stlth   ..........              r - amulet of reflection
HPRegen 0.21/turn               (no ring)
MPRegen 0.10/turn               (no ring)

@: about to teleport
A: horns 2, retaliatory headbutt
a: Renounce Religion


You were on level 5 of the Dungeon.
You worshipped Okawaru.
Okawaru was noncommittal.
You visited 2 branches of the dungeon, and saw 6 of its levels.

You collected 220 gold pieces.
You spent 184 gold pieces at shops.

Inventory:

Hand Weapons
 a - a +0 war axe (weapon)
 t - a +0 broad axe
 w - a +0 halberd of flaming
Missiles
 s - 5 atropa-tipped darts (quivered)
Armour
 b - a +0 scale mail (worn)
 c - a +0 buckler (worn)
 n - a +0 pair of boots (worn)
 o - +0 fire dragon scales
Jewellery
 r - an amulet of reflection (around neck)
 v - a +6 ring of strength
Scrolls
 g - 3 scrolls of teleportation
 h - 9 scrolls of identify {unknown}
 j - a scroll of fear {unknown}
 k - 2 scrolls of enchant weapon {unknown}
 p - a scroll of blinking {unknown}
 q - a scroll of brand weapon {unknown}
 u - a scroll of magic mapping {unknown}
 x - a scroll of immolation {unknown}
 y - a scroll of poison {unknown}
 z - a scroll of summoning {unknown}
Potions
 d - a potion of might
 e - 5 potions of degeneration
 f - 5 potions of curing
 i - a potion of brilliance {unknown}
 l - a potion of flight {unknown}
 m - 7 potions of heal wounds


   Skills:
 + Level 6.8 Fighting
 + Level 6.3 Axes
 + Level 6.7 Armour
 + Level 6.8 Shields
 + Level 1.3 Invocations


You had 7 spell levels left.
You didn't know any spells.
Your spell library contained the following spells:

 Spells                   Type           Power      Damage    Failure   Level
 Sandblast                Erth           0%         2d4       83%         1
 Slow                     Hex            0%         N/A       83%         1
 Passwall                 Tmut/Erth      0%         N/A       93%         2
 Confusing Touch          Hex            0%         N/A       99%         3
 Portal Projectile        Hex/Tloc       0%         N/A       99%         3
 Stone Arrow              Conj/Erth      0%         3d7       99%         3
 Vampiric Draining        Necr           0%         2d6       99%         3
 Leda's Liquefaction      Hex/Erth       0%         N/A       100%        4
 Summon Small Mammal      Summ           Unusable   N/A       N/A         1
 Call Canine Familiar     Summ           Unusable   N/A       N/A         3
 Summon Guardian Golem    Hex/Summ       Unusable   N/A       N/A         3

Dungeon Overview and Level Annotations

Branches:
Dungeon (5/15)             Temple (1/1) D:5

Altars:
Ashenzari
Dithmenos
Elyvilon
Fedhas
Hepliaklqana
Kikubaaqudgha
Okawaru
Qazlal
Sif Muna
Trog
Uskayaw
Vehumet
Wu Jian
Xom
Yredelemnul
Zin

Shops:
D:4 (   D:5 *:(:!


Innate Abilities, Weirdness & Mutations

You have a pair of horns on your head.
You reflexively headbutt those who attack you in melee.


Message History

Okawaru accepts your kill.
You start resting.
Trog sends monsters to punish you. 2 black bears and 4 polar bears come into view.
Okay, then.
You slash the polar bear!
The polar bear is moderately wounded.
You hit the polar bear. You slash the polar bear!
You headbutt the polar bear, but do no damage.
The polar bear is moderately wounded.
You barely miss the polar bear.
The black bear rages.
You block the polar bear's attack. The polar bear claws you.
The polar bear claws you but does no damage.
The polar bear bites you! The polar bear claws you.
The polar bear claws you but does no damage.
You hit the polar bear but do no damage.
The polar bear is moderately wounded.
You hit the polar bear. You block the polar bear's attack.
The polar bear claws you. The polar bear misses you.
The polar bear bites you but does no damage.
The polar bear barely misses you.
The polar bear claws you but does no damage.
The polar bear bites you but does no damage.
You block the polar bear's attack. The polar bear barely misses you.
The polar bear bites you! The polar bear barely misses you.
The polar bear claws you.
The black bear rages.
As you read the scroll of teleportation, it crumbles to dust.
You feel strangely unstable.
You hear an angry growl.
The polar bear barely misses you.
The polar bear claws you but does no damage.
You block the polar bear's attack. The polar bear barely misses you.
You block the polar bear's attack. The polar bear barely misses you.
The polar bear bites you!!
* * * LOW HITPOINT WARNING * * *
The polar bear claws you.
You die...

##### ...#
#####.####
#.....hhh#
#.###.#h##
#.##..#@#
#.##.)#h# .#
#######.##..#h# ..
............#.#
.#####.###.##..#.#
............#..#.#
.#..##.###..#..#.#
.#..#.......#..#.#
.#.#..............


You could see 4 polar bears and 2 black bears.

Vanquished Creatures
  Grinder (D:5)
  An ice beast (D:5)
  An ogre (D:4)
  2 black bears
  2 scorpions
  A jelly (D:4)
  A gnoll bouda (D:4)
  3 hounds (D:5)
  Natasha (thrice) (D:4)
  An iguana (D:4)
  2 orc wizards (D:5)
  8 gnolls (D:4)
  7 adders
  A shadow imp (D:5)
  2 worms
  4 orcs (D:5)
  10 ball pythons
  2 bats
  9 endoplasms
  6 giant cockroaches
  2 hobgoblins
  8 jackals
  4 kobolds
  3 quokkas
  4 frilled lizards
  2 goblins
  6 rats
96 creatures vanquished.

Notes
Turn   | Place    | Note
-------+----------+-------------------------------------------
     0 | D:1      | bjubeck the Minotaur Fighter began the quest for the Orb.
     0 | D:1      | Reached XP level 1. HP: 19/19 MP: 0/0
   237 | D:1      | Reached XP level 2. HP: 20/27 MP: 1/1
   894 | D:2      | Reached XP level 3. HP: 33/33 MP: 2/2
  1262 | D:2      | Found a faded altar of an unknown god.
  2517 | D:3      | Reached XP level 4. HP: 41/41 MP: 3/3
  2761 | D:3      | You fall into a shaft and drop 2 floors!
  2761 | D:5      | Entered Level 5 of the Dungeon
  2863 | D:5      | Noticed a scorpion
  2871 | D:5      | Killed a scorpion
  2941 | D:5      | Noticed Grinder
  2987 | D:5      | Reached XP level 5. HP: 45/47 MP: 4/4
  2988 | D:5      | Paralysed by Grinder for 4 turns
  2998 | D:5      | Killed Grinder
  2999 | D:5      | Reached skill level 5 in Fighting
  2999 | D:5      | Reached skill level 5 in Armour
  2999 | D:5      | Reached skill level 5 in Shields
  2999 | D:5      | Reached XP level 6. HP: 56/56 MP: 5/5
  3044 | D:5      | Found Fyel's Book Shoppe.
  3060 | D:5      | Found a staircase to the Ecumenical Temple.
  3069 | Temple   | Entered the Ecumenical Temple
  3274 | D:5      | Found Gaimust's Weapon Shop.
  3287 | D:5      | Bought 5 atropa-tipped darts for 36 gold pieces
  3303 | D:5      | Found Vedutyro's General Store.
  3311 | D:5      | Bought a scroll of teleportation for 39 gold pieces
  3311 | D:5      | Bought a potion of heal wounds for 65 gold pieces
  3345 | D:5      | Found a bloodstained altar of Trog.
  3345 | D:5      | Found an ancient bone altar of Kikubaaqudgha.
  3345 | D:5      | Found a shadowy altar of Dithmenos.
  3431 | D:5      | Became a worshipper of Trog the Wrathful
  3469 | D:4      | Reached skill level 5 in Axes
  3502 | D:4      | Reached XP level 7. HP: 62/62 MP: 6/6
  3586 | D:4      | Noticed Natasha
  3593 | D:4      | Killed Natasha
  3629 | D:4      | Noticed Natasha
  3635 | D:4      | Killed Natasha
  3738 | D:4      | Found Voph's Weapon Boutique.
  4349 | D:4      | Reached * piety under Trog
  4828 | D:4      | Noticed Natasha
  4834 | D:4      | Killed Natasha
  5038 | D:4      | Found an iron altar of Okawaru.
  5175 | D:4      | Fell from the grace of Trog
  5299 | D:4      | Became a worshipper of Warmaster Okawaru
  5340 | D:5      | Found Urucewi's Book Shoppe.
  5378 | D:5      | Reached XP level 8. HP: 31/71 MP: 7/7
  5971 | D:5      | Reached skill level 1 in Invocations
  5971 | D:5      | Found Ymemnasy's Distillery.
  5979 | D:5      | Bought a potion of degeneration for 11 gold pieces
  5979 | D:5      | Bought a potion of curing for 33 gold pieces
  6066 | D:5      | Noticed a polar bear
  6066 | D:5      | Noticed a polar bear
  6066 | D:5      | Noticed a polar bear
  6066 | D:5      | Noticed a polar bear
  6069 | D:5      | HP: 3/71 [polar bear[the rage of Trog] (20)]
  6069 | D:5      | Slain by a polar bear

Illustrated notes

Levels and vault maps discovered:
D:1:      dpeg_arrival_houses_and_road, layout_basic
D:2:      wander_river, layout_basic, serial_forest,
          infiniplex_forest_clump_medium, infiniplex_forest_end_2,
          infiniplex_forest_clump_small, infiniplex_forest_clump_long,
          infiniplex_forest_clump_small, infiniplex_forest_clump_tiny,
          shapermc_ecumenical_altar_mp_vishouse, chequers_garden
D:3:      layout_basic
D:4:      layout_basic, okawaru_metal_pillars_1_2, serial_shops,
          nicolae_take_the_stairs, uniq_natasha
D:5:      layout_basic, minitemple, minmay_temple_entry_waves, serial_shops,
          shop, nicolae_shop_crystal, shop, nicolae_shop_stone,
          nicolae_stop_n_shop_2, uniq_grinder
Temple:   hellmonk_temple_flake

Skill      XL: |  1  2  3  4  5  6  7  8 |
---------------+-------------------------+-----
Fighting       | 4 5 6 |  6.8
Armour         | 4 5 6 |  6.7
Shields        | 4 5 6 |  6.8
Axes           | 3 4 5 6 |  6.3
Invocations    | 1 |  1.3

Action                   |  1- 3 |  4- 6 |  7- 9 || total
-------------------------+-------+-------+-------++-------
Melee: War axe           |   100 |    34 |   125 ||   259
       Headbutt          |    10 |     4 |    16 ||    30
Throw: Stone             |       |     2 |       ||     2
       Dart              |       |     3 |     6 ||     9
Invok: Renounce Religion |       |       |     1 ||     1
  Use: Potion            |       |     1 |       ||     1
       Scroll            |       |       |     1 ||     1
Armor: Scale mail        |    50 |     6 |    55 ||   111
Dodge: Dodged            |    40 |    13 |    48 ||   101
Block: Buckler           |    22 |    17 |    80 ||   119
       Reflection        |       |       |     1 ||     1
